 Dungeon Crawl Stone Soup version 0.24.0-1-gfbc8707 (webtiles) character file.

Game seed: 4034920345037871205, levelgen mode: deterministic

3107 Buxparty the Chopper (level 9, -5/71 HPs)
             Began as a Mummy Gladiator on Jan 3, 2020.
             Was an Initiate of Gozag.
             Shot with an arrow by a centaur (7 damage)
             ... on level 7 of the Dungeon.
             The game lasted 00:27:11 (6399 turns).

Buxparty the Chopper (Mummy Gladiator)              Turns: 6399, Time: 00:27:12

Health: -5/71      AC: 11    Str: 25    XL:     9   Next: 60%
Magic:  9/9        EV: 13    Int:  8    God:    Gozag
Gold:   1090       SH:  0    Dex: 14    Spells: 8/8 levels left

rFire    . . .     SeeInvis .   y - +9 dagger "Buxparty's Foe" {flame, Str+6}
rCold    . . .     Gourm    .   (no shield)
rNeg     + + +     Faith    .   w - +0 scale mail "Qiucrazu" {MR+}
rPois    ∞         Spirit   .   c - +0 helmet
rElec    .         Reflect  .   j - +0 cloak
rCorr    .         Harm     .   i - +0 pair of gloves
MR       ++...                  n - +0 pair of boots
Stlth    ..........             (no amulet)
HPRegen  0.21/turn              u - ring of fire
MPRegen  0.11/turn              (no ring)

@: gold aura
A: no food or potions, fire vulnerability, cold resistance 1, negative energy
resistance 3, torment resistance, unbreathing
a: Potion Petition, Call Merchant, Bribe Branch, Renounce Religion


You were on level 7 of the Dungeon.
You worshipped Gozag.
Gozag was most pleased with you.
You were not hungry.

You visited 1 branch of the dungeon, and saw 7 of its levels.
You also visited: Ossuary.

You collected 1294 gold pieces.
You spent 144 gold pieces at shops.
You paid 60 gold pieces to Gozag.

Inventory:

Hand Weapons
 a - a +0 war axe
 y - the +9 dagger "Buxparty's Foe" (weapon) {flame, Str+6}
   (You found it on level 5 of the Dungeon)

   It has been specially enchanted to burn those struck by it, causing extra
   injury to most foes and up to half again as much damage against particularly
   susceptible opponents.
   It affects your strength (+6).
 A - the +5 short sword of the Desolation of Salt {pierce, Str+5}
   (You bought it in a shop on level 6 of the Dungeon)

   It inflicts extra damage upon your enemies.
   It affects your strength (+5).
Missiles
 d - 3 throwing nets (quivered)
Armour
 b - a +0 leather armour
 c - a +0 helmet (worn)
 i - a +0 pair of gloves (worn)
 j - a +0 cloak (worn)
 n - a +0 pair of boots (worn)
 o - a +3 leather armour of cold resistance
 w - the +0 scale mail "Qiucrazu" (worn) {MR+}
   (You found it in an ossuary)

   It affects your resistance to hostile enchantments.
Jewellery
 p - an uncursed ring of ice
 u - a ring of fire (left hand)
Wands
 t - a wand of digging (4)
 v - a wand of iceblast (12)
 z - a wand of paralysis (10)
 B - a wand of clouds (4)
Scrolls
 e - 2 scrolls of fear {unknown}
 f - a scroll of enchant armour
 g - 2 scrolls of amnesia
 h - 4 scrolls of remove curse
 k - 2 scrolls of fog
 l - 4 scrolls of identify
 m - 3 scrolls of blinking {unknown}
 q - 2 scrolls of random uselessness {unknown}
 r - 5 scrolls of teleportation
 x - 2 scrolls of enchant weapon {unknown}
Miscellaneous
 s - a lamp of fire


   Skills:
 + Level 6.8 Fighting
 * Level 4.0 Short Blades
 - Level 6.9 Axes
 - Level 1.5 Throwing
 + Level 2.6 Armour
 + Level 5.9 Dodging


You had 8 spell levels left.
You didn't know any spells.
Your spell library contained the following spells:

 Spells                   Type           Power        Failure   Level  Hunger
 Animate Skeleton         Necr           N/A          71%         1    N/A
 Pain                     Necr           #...         71%         1    N/A
 Shock                    Conj/Air       #...         71%         1    N/A
 Swiftness                Chrm/Air       #.......     83%         2    N/A
 Static Discharge         Conj/Air       #.......     97%         3    N/A
 Vampiric Draining        Necr           #.........   97%         3    N/A
 Airstrike                Air            #.........   100%        4    N/A
 Animate Dead             Necr           N/A          100%        4    N/A
 Lightning Bolt           Conj/Air       #.........   100%        5    N/A
 Regeneration             Chrm/Necr      Unusable     N/A         3    N/A

Dungeon Overview and Level Annotations

Branches:
Dungeon (7/15)            Ossuary (visited)
 Temple: D:4-7

Altars:
Ashenzari
Cheibriados
Fedhas
Gozag
Hepliaklqana
Kikubaaqudgha
Makhleb
Nemelex Xobeh
Qazlal
Ru
Vehumet
Wu Jian
Xom

Shops:
D:6 (*

Annotations:
D:7 1 runed translucent door, Buxparty's ghost, amateur DDHu


Innate Abilities, Weirdness & Mutations

You do not eat or drink.
Your flesh is vulnerable to fire.
You are immune to poison.
Your flesh is cold resistant. (rC+)
You are immune to negative energy. (rN+++)
You are immune to unholy pain and torment.
You can survive without breathing.


Message History

You see here an arrow.
The centaur shoots an arrow.
The arrow hits you.
* * * LOW HITPOINT WARNING * * *
You see here an arrow.
The centaur shoots an arrow.
The arrow hits you.
* * * LOW HITPOINT WARNING * * *
Things that are here:
an arrow; a +0 dagger; a +0 chain mail
Things that are here:
a cursed +0 spear; a cursed -2 robe
Things that are here:
a +0 trident; a +0 robe The centaur shoots an arrow.
The arrow hits you!
* * * LOW HITPOINT WARNING * * *
The centaur shoots an arrow.
The arrow hits you but does no damage.
Things that are here:
2 arrows; a +4 great sword of freezing; a +0 robe The centaur shoots an arrow.
The arrow hits you!
You die...
Your body crumbles into a pile of gold.

...........#.......#.......#....
...........'......###+###..##...
#.........###+##..##...##..##...
######.).##..##..##.......##...
#)####..[.............#...
#.).........#########+####
#)..###'######...# #
#...##..##..##...# #
#...##...@...#...#
#####........#...#
#....##.##..## #######c##).##
#.))....# #..))(..# ####
##..##c#######...
#####(###..##... #....#...#...


You could see a centaur.

Vanquished Creatures
  Pikel (D:4)
  A troll (D:7)
  Sigmund (D:3)
  Eustachio (D:4)
  The ghost of Buxparty the Sneak, an amateur SpAs (D:3)
  3 sky beasts
  A slave (D:4)
  2 ogres
  A centaur (D:5)
  A big kobold (D:7)
  Blork the orc (D:5)
  3 bullfrogs
  A wyvern zombie (D:7)
  2 scorpions
  5 wights (D:7)
  2 crimson imps
  A human zombie (Ossuary)
  2 hounds
  A centaur skeleton (D:5)
  A jelly (D:5)
  An iguana (D:5)
  Natasha (thrice) (D:3)
  2 orc wizards (D:7)
  3 worker ants
  A big kobold zombie (Ossuary)
  2 hound zombies
  4 mummies (Ossuary)
  Robin (D:4)
  6 gnolls
  7 adders
  A howler monkey skeleton (D:5)
  2 shadow imps
  A worm (D:5)
  An adder skeleton (D:5)
  2 dart slugs
  A leopard gecko (D:7)
  17 orcs
  5 giant cockroaches
  13 goblins
  8 hobgoblins
  7 jackals
  5 quokkas
  A ball python (D:5)
  14 bats
  7 frilled lizards
  2 gnoll zombies (Ossuary)
  2 hobgoblin zombies (Ossuary)
  A jackal skeleton (D:4)
  2 jackal zombies (Ossuary)
  10 kobolds
  A kobold zombie (Ossuary)
  A leopard gecko skeleton (D:6)
  5 rats
  2 rat zombies (Ossuary)
173 creatures vanquished.

Vanquished Creatures (others)
  An iguana (D:4)
  An adder (D:4)
  3 goblins (D:4)
5 creatures vanquished.

Grand Total: 178 creatures vanquished

Notes
Turn   | Place    | Note
-------+----------+-------------------------------------------
     0 | D:1      | Buxparty the Mummy Gladiator began the quest for the Orb.
     0 | D:1      | Reached XP level 1. HP: 16/16 MP: 1/1
   153 | D:1      | Reached XP level 2. HP: 21/22 MP: 2/2
   714 | D:2      | Reached XP level 3. HP: 24/28 MP: 3/3
   857 | D:2      | Reached XP level 4. HP: 18/34 MP: 4/4
  1061 | D:2      | Found a faded altar of an unknown god.
  1199 | D:2      | Found a shimmering altar of Xom.
  1202 | D:2      | Found a shattered altar of Ashenzari.
  1203 | D:2      | Found a radiant altar of Vehumet.
  1203 | D:2      | Found a hazy altar of Hepliaklqana.
  1960 | D:3      | Found a runed translucent door.
  1961 | D:3      | Noticed a bullfrog
  2320 | D:3      | Found a snail-covered altar of Cheibriados.
  2320 | D:3      | Found an ancient bone altar of Kikubaaqudgha.
  2320 | D:3      | Noticed Natasha
  2321 | D:3      | Found a sparkling altar of Nemelex Xobeh.
  2390 | D:3      | Found an opulent altar of Gozag.
  2404 | D:3      | Became a worshipper of Gozag Ym Sagoz the Greedy
  2412 | D:3      | Killed Natasha
  2412 | D:3      | Reached XP level 5. HP: 41/41 MP: 5/5
  2449 | D:3      | Noticed Sigmund
  2474 | D:3      | Killed Sigmund
  2474 | D:3      | Reached XP level 6. HP: 15/47 MP: 6/6
  2669 | D:3      | Noticed Natasha
  2675 | D:3      | Killed Natasha
  2692 | D:3      | Noticed Natasha
  2699 | D:3      | Killed Natasha
  3010 | D:3      | Noticed Buxparty's ghost (amateur SpAs)
  3039 | D:3      | Killed Buxparty's ghost
  3039 | D:3      | Reached skill level 5 in Axes
  3039 | D:3      | Reached XP level 7. HP: 36/54 MP: 7/7
  3254 | D:4      | Found an ornate altar of the Wu Jian Council.
  3409 | D:4      | Noticed Eustachio
  3458 | D:4      | HP: 1/54 [Eustachio/+0 rapier (4)]
  3461 | D:4      | Killed Eustachio
  3824 | D:4      | Noticed Pikel
  3827 | D:4      | Killed Pikel
  3827 | D:4      | Reached skill level 5 in Fighting
  3827 | D:4      | Reached XP level 8. HP: 62/62 MP: 8/8
  3837 | D:4      | Noticed Robin
  3843 | D:4      | Killed Robin
  4120 | D:4      | Found a burning altar of Makhleb.
  4177 | D:5      | Entered Level 5 of the Dungeon
  4225 | D:5      | Found a stormy altar of Qazlal.
  4238 | D:5      | Found a sand-covered staircase.
  4250 | Ossuary  | Entered an ossuary
  4266 | Ossuary  | Reached skill level 5 in Dodging
  4310 | Ossuary  | Got a dazzling scale mail
  4321 | Ossuary  | Identified the +0 scale mail "Qiucrazu" {MR+} (You found it
                  | in an ossuary)
  4542 | D:5      | Got a scorched dagger
  4556 | D:5      | Identified the +9 dagger "Buxparty's Foe" {flame, Str+6}
                  | (You found it on level 5 of the Dungeon)
  5014 | D:5      | Noticed Blork the orc
  5023 | D:5      | Killed Blork the orc
  5023 | D:5      | Reached skill level 1 in Short Blades
  5045 | D:5      | Reached skill level 1 in Armour
  5179 | D:6      | Found Noonguit's Antique Weapon Emporium.
  5184 | D:6      | Bought an ancient short sword for 144 gold pieces
  5265 | D:6      | Found Qaapt's Assorted Antiques.
  5271 | D:6      | Identified the +5 short sword of the Desolation of Salt
                  | {pierce, Str+5} (You bought it in a shop on level 6 of the
                  | Dungeon)
  5281 | D:6      | Reached XP level 9. HP: 69/69 MP: 9/9
  5308 | D:6      | Found a blossoming altar of Fedhas.
  5366 | D:6      | Got a transparent large shield
  5367 | D:6      | Identified the cursed +0 large shield "Hyotz" {MR+} (You
                  | found it on level 6 of the Dungeon)
  5673 | D:6      | Found a sacrificial altar of Ru.
  6068 | D:7      | Found a runed translucent door.
  6068 | D:7      | Found a shimmering altar of Xom.
  6068 | D:7      | Noticed Buxparty's ghost (amateur DDHu)
  6068 | D:7      | Noticed a +0 trident of chaos
  6366 | D:7      | Noticed a troll
  6378 | D:7      | Killed a troll
  6395 | D:7      | HP: 1/71 [centaur/arrow (7)]
  6399 | D:7      | Shot with an arrow by a centaur

Levels and vault maps discovered:
D:1:      dpeg_arrival_chase, layout_rooms, minmay_pentomino_q4
D:2:      layout_basic, grunt_temple_overflow_open,
          chequers_ecumenical_altar_island
D:3:      layout_loops_ring, nicolae_overflow_quartered_altars,
          ebering_ghost_sewer_d, serial_park_tiny_pond, minmay_fountain_box,
          uniq_sigmund, uniq_natasha
D:4:      layout_loops_ring, lemuel_round_altar, lightli_temple_of_fire,
          first_ration, uniq_robin, uniq_eustachio, uniq_pikel
D:5:      layout_loops_ring, overflow_temple_1_default,
          nicolae_ossuary_entry_false_entrances, uniq_blork_the_orc
D:6:      layout_loops_ring, nicolae_ru_great_annihilating_truth,
          kennysheep_mini, serial_shops, shop, kennysheep_little_box
D:7:      layout_gridville, temple_green, ebering_ghost_xom

Skill      XL: |  1  2  3  4  5  6  7  8  9 |
---------------+----------------------------+-----
Axes           | 3 4 5 6 |  6.9
Dodging        | 3 4 5 |  5.9
Fighting       | 3 4 5 6 |  6.8
Short Blades   | 1 4 |  4.0
Armour         | 1 2 |  2.6
Throwing       | |  1.5

Action                   |  1- 3 |  4- 6 |  7- 9 || total
-------------------------+-------+-------+-------++-------
Melee: War axe           |    80 |   159 |   192 ||   431
       Dagger            |       |       |   200 ||   200
Invok: Potion Petition   |       |     1 |       ||     1
Evoke: Lamp of fire      |       |       |     1 ||     1
       Wand              |       |       |     1 ||     1
  Use: Scroll            |       |       |     8 ||     8
 Stab: Sleeping          |     1 |       |     1 ||     2
       Distracted        |       |     1 |     3 ||     4
       Paralysed         |       |       |     1 ||     1
Armor: Leather armour    |    28 |    65 |    73 ||   166
       Scale mail        |       |       |   108 ||   108
Dodge: Dodged            |    66 |   127 |   279 ||   472
